 Dungeon Crawl Stone Soup version 0.29-a0-902-g0f71de6fce (webtiles) character file.

Game seed: 692905982766078829

58 pierdx the Vexing (level 3, -8/16 HPs)
             Began as a Spriggan Enchanter on July 24, 2022.
             Killed by divine providence
             ... invoked by an orc priest
              (14 damage)
             ... on level 3 of the Dungeon.
             The game lasted 00:05:01 (3613 turns).

pierdx the Vexing (Spriggan Enchanter)              Turns: 3613, Time: 00:05:02

Health: -8/16      AC:  3    Str:  6    XL:     3   Next: 75%
Magic:  5/9        EV: 19    Int: 16    God:
Gold:   82         SH:  0    Dex: 27    Spells: 2/10 levels left

rFire   . . .      SeeInvis +   q - +1 dagger (speed)
rCold   . . .      Faith    .   (no shield)
rNeg    . . .      Spirit   .   b - +1 robe
rPois   .          Reflect  .   (helmet restricted)
rElec   .          Harm     .   (no cloak)
rCorr   .          Rampage  .   (gloves unavailable)
Will    .....                   (boots unavailable)
Stlth   +++.......              (no amulet)
HPRegen 0.05/turn               e - +6 ring of dexterity
MPRegen 0.11/turn               n - +6 ring of dexterity

@: very quick
A: very small, no large weapons, unfitting armour, see invisible, speed 3
a: no special abilities


You were on level 3 of the Dungeon.
You visited 1 branch of the dungeon, and saw 3 of its levels.

You collected 82 gold pieces.

Inventory:

Hand Weapons
 a - a +1 dagger
 q - a +1 dagger of speed (weapon)
Armour
 b - a +1 robe (worn)
Jewellery
 e - a +6 ring of dexterity (left hand)
 n - a +6 ring of dexterity (right hand)
 o - a ring of ice
 p - a ring of positive energy
Scrolls
 f - 2 scrolls of immolation
 l - a scroll of teleportation
Potions
 c - 2 potions of invisibility
 d - a potion of resistance
 g - 2 potions of curing
 h - a potion of lignification {unknown}
 i - a potion of haste {unknown}
 j - a potion of attraction {unknown}
 k - a potion of cancellation {unknown}
 m - a potion of flight {unknown}
 r - a potion of brilliance {unknown}


   Skills:
 - Level 1.1 Short Blades
 - Level 2.6 Dodging
 - Level 4.4 Stealth
 + Level 4.1 Spellcasting
 + Level 4.8 Hexes


You had 2 spell levels left.
You knew the following spells:

 Your Spells              Type           Power      Damage    Failure   Level
a - Ensorcelled Hibernat  Hex/Ice        22%        N/A       10%         2
b - Tukima's Dance        Hex            18%        N/A       7%          3
d - Confusing Touch       Hex            18%        N/A       7%          3

Your spell library contained the following spells:

 Spells                   Type           Power      Damage    Failure   Level
 Dazzling Flash           Conj/Hex       22%        N/A       19%         3
 Malign Gateway           Summ/Tloc      1%         N/A       100%        7
 Summon Horrible Things   Summ           1%         N/A       100%        8


Dungeon Overview and Level Annotations

Branches:
Dungeon (3/15)

Altars:
Vehumet


Innate Abilities, Weirdness & Mutations

You are very small and have problems with some larger weapons.
You are too small for most types of armour.
You have supernaturally acute eyesight. (SInv)
You cover ground extremely quickly. (Speed+++)


Message History

You see here a +0 whip.
r - a golden potion You now have 82 gold pieces (gained 9).
Found a stone staircase leading up.
There is a stone staircase leading up here.
Found a stone staircase leading down.
There is a stone staircase leading down here.
You open the door. 2 orc priests and 2 orcs come into view.
The orc shouts! x2; The orc priest shouts!
The orc priest looks encouraged for a moment.
Found 67 gold pieces.
Found a roughly hewn altar of Beogh.
Unknown command.
There is a stone staircase leading down here.
Casting: Ensorcelled Hibernation (safe; 10% risk of failure)
Confirm with . or Enter, or press ? or * to list all spells.
Aiming: Ensorcelled Hibernation (safe; 10% risk of failure)
Press: ? - help, Shift-Dir - straight line, f - orc
Aim: an orc, wielding a +0 dagger (chance to affect: 62%)
The orc looks drowsy...
The orc priest looks satisfied for a moment.
The helpless orc fails to defend itself.
You impale the orc!!
You kill the orc!
An orc is nearby!
Casting: Ensorcelled Hibernation (safe; 10% risk of failure)
Confirm with . or Enter, or press ? or * to list all spells.
Aiming: Ensorcelled Hibernation (safe; 10% risk of failure)
Press: ? - help, Shift-Dir - straight line, f - orc
Aim: an orc, wielding a +0 club (chance to affect: 62%)
The orc looks drowsy...
Unknown command.
The orc priest calls down the wrath of Beogh upon you.
Beogh smites you!
Ouch! That really hurt!
You are too injured to fight recklessly!
The orc priest invokes the aid of Beogh against you.
Beogh smites you!
Ouch! That really hurt!
You die...

#......# #####..
##...###
#######.#....
#.###
#......#..#..
#.#
#.....###....
#.#### #....##
##.#. #.##.##
#.....###.##.
#.....#
#......#.....
####.##
#######.####.
#@# ### #. #.#
#. #.# ###. #o#
###... #.######
.$$####
#.o.o.>###.8.8$#
######...'..$o_#
#####.8.8$#
.$.##


You could see an orc priest and an orc.

Vanquished Creatures
  A gnoll (D:1)
  2 orcs (D:3)
  4 ball pythons
  An endoplasm (D:1)
  A giant cockroach (D:1)
  7 goblins
  6 hobgoblins
  3 jackals (D:1)
  3 kobolds
  2 quokkas
  3 bats
  2 frilled lizards
  6 rats
41 creatures vanquished.

Notes
Turn   | Place    | Note
-------+----------+-------------------------------------------
     0 | D:1      | pierdx the Spriggan Enchanter began the quest for the Orb.
     0 | D:1      | Reached XP level 1. HP: 9/9 MP: 5/5
    96 | D:1      | Found a faded altar of an unknown god.
   806 | D:1      | Reached XP level 2. HP: 13/13 MP: 7/7
   809 | D:1      | Learned a level 2 spell: Ensorcelled Hibernation
  1212 | D:1      | Reached XP level 3. HP: 16/16 MP: 9/9
  1216 | D:1      | Learned a level 3 spell: Tukima's Dance
  1220 | D:1      | Learned a level 3 spell: Confusing Touch
  1832 | D:2      | Found a radiant altar of Vehumet.
  3448 | D:3      | Identified the +9 hand axe of Ubiditu {drain, *Noise Fly
                  | Will++ SInv}
  3613 | D:3      | Killed from afar by an orc priest

Illustrated notes

Levels and vault maps discovered:
D:1:      eino_arrival_water_star, layout_basic, ebering_ecumenical_altar_box,
          grunt_decor_arrowhead
D:2:      layout_basic, basic_altar
D:3:      layout_loops_cross, kennysheep_orc_chapel

Skill      XL: |  1  2  3 |
---------------+----------+-----
Spellcasting   | 3 4 |  4.1
Hexes          | 4 |  4.8
Short Blades   | |  1.1
Dodging        | |  2.6
Stealth        | |  4.4

Action                   || total
-------------------------++-------
Melee: Dagger            ||   124
       Punch             ||     1
 Cast: Ensorcelled Hiber ||     7
  Use: Scroll            ||     8
 Stab: Sleeping          ||    17
       Distracted        ||     2
Armor: Robe              ||    12
Dodge: Dodged            ||    83

Table legend: (Time is in decaauts)
 A = Elapsed time spent in this place.
 B = Non-inter-level travel time spent in this place.
 C = Inter-level travel time spent in this place.
 D = Time resting spent in this place.
 E = Time spent auto-exploring this place.
 F = Levels seen in this place.
 G = Mean time per level.
                   A        B        C        D        E       F      G
               +--------+--------+--------+--------+--------+-----+--------+
         Total |   2765 |   2722 |     43 |    594 |   1676 |   3 |  921.7 |
       Dungeon |   2765 |   2722 |     43 |    594 |   1676 |   3 |  921.7 |
               +--------+--------+--------+--------+--------+-----+--------+

Top non-repeatable levels by time:
     D:2: 1458 daAuts
     D:1: 906 daAuts
     D:3: 400 daAuts
